 Dungeon Crawl Stone Soup version 0.23-a0-57-gd13e5294dc (webtiles) character file.

469 Ablot the Charmwright (level 7, 0/56 HPs)
             Began as a Gnoll Skald on Aug 9, 2018.
             Slain by an ogre
             ... wielding a +0 giant spiked club
              (32 damage)
             ... on level 4 of the Dungeon.
             The game lasted 00:05:17 (2388 turns).

Ablot the Charmwright (Gnoll Skald)                 Turns: 2388, Time: 00:05:17

Health: 0/56       AC:  3    Str: 15    XL:     7   Next: 9%
Magic:  14/15      EV: 14    Int: 15    God:
Gold:   241        SH:  0    Dex: 15    Spells: 6/17 levels left

rFire    . . .     SeeInvis .   e - +0 spear (curse)
rCold    . . .     Gourm    .   (no shield)
rNeg     . . .     Faith    .   b - +0 leather armour
rPois    .         Spirit   .   (no helmet)
rElec    .         Reflect  .   (no cloak)
rCorr    .         Harm     +   (no gloves)
MR       +....                  (no boots)
Stlth    ++........             i - amulet of harm
HPRegen  0.18/turn              l - ring of protection from magic
MPRegen  0.14/turn              (no ring)

@: no status effects
A: distributed training, fangs 1, strong nose
a: no special abilities


You were on level 4 of the Dungeon.
You were not hungry.

You visited 1 branch of the dungeon, and saw 4 of its levels.

You collected 241 gold pieces.

Inventory:

Hand Weapons
 c - a +0 trident
 e - a cursed +0 spear (weapon)
Missiles
 n - 51 arrows
 q - 43 stones (quivered)
Armour
 b - a +0 leather armour (worn)
Jewellery
 i - an amulet of harm (around neck)
 l - a ring of protection from magic (left hand)
 v - an uncursed ring of ice
Scrolls
 a - a scroll of enchant armour {unknown}
 f - 7 scrolls of identify {unknown}
 g - 2 scrolls of remove curse {unknown}
 k - a scroll of immolation {unknown}
 m - a scroll of enchant weapon {unknown}
 s - a scroll of fear {unknown}
 u - a scroll of amnesia {unknown}
 w - a scroll of fog {unknown}
Potions
 h - a potion of magic {unknown}
 j - a potion of ambrosia {unknown}
 o - 2 potions of cancellation {unknown}
 p - 3 potions of flight {unknown}
 r - a potion of resistance {unknown}
 x - a potion of curing {unknown}
 z - a potion of might {unknown}
Comestibles
 d - 4 rations


   Skills:
 + Level 5.1 Fighting
 + Level 2.2 Short Blades
 + Level 2.2 Long Blades
 + Level 2.2 Axes
 + Level 2.2 Maces & Flails
 + Level 5.1 Polearms
 + Level 2.2 Staves
 + Level 2.2 Slings
 + Level 2.2 Bows
 + Level 2.2 Crossbows
 + Level 2.2 Throwing
 + Level 3.4 Armour
 + Level 5.1 Dodging
 + Level 2.2 Stealth
 + Level 2.2 Shields
 + Level 2.2 Unarmed Combat
 + Level 5.5 Spellcasting
 + Level 1.8 Conjurations
 + Level 1.8 Hexes
 + Level 5.7 Charms
 + Level 1.8 Summonings
 + Level 1.8 Necromancy
 + Level 1.8 Translocations
 + Level 1.8 Transmutations
 + Level 1.8 Fire Magic
 + Level 1.8 Ice Magic
 + Level 1.8 Air Magic
 + Level 1.8 Earth Magic
 + Level 1.8 Poison Magic
 + Level 2.4 Invocations
 + Level 2.2 Evocations


You had 6 spell levels left.
You knew the following spells:

 Your Spells              Type           Power        Failure   Level  Hunger
a - Infusion              Chrm           ###.         1%          1    None
b - Song of Slaying       Chrm           ###.....     2%          2    #......
c - Shroud of Golubria    Chrm/Tloc      ###.......   6%          2    #......
d - Regeneration          Chrm/Necr      ###.......   12%         3    ###....
e - Spectral Weapon       Hex/Chrm       ###.....     12%         3    ###....

Your spell library contained the following spells:

 Spells                   Type           Power        Failure   Level  Hunger
 Apportation              Tloc           #.....       9%          1    None
 Summon Small Mammal      Summ           #...         9%          1    None
 Animate Skeleton         Necr           N/A          9%          1    None
 Confusing Touch          Hex            #.....       9%          1    None


Dungeon Overview and Level Annotations

Branches:
Dungeon (4/15)
 Temple: D:4-7

Altars:


Innate Abilities, Weirdness & Mutations

Your experience applies equally to all skills.
You have very sharp teeth.
Your uncanny sense of smell can sniff out nearby items.


Message History

The orc hits you but does no damage. The orc closely misses you.
You hit the orc wizard.
The orc wizard is almost dead.
The frilled lizard closely misses you.
The orc wizard hits you but does no damage.
The orc completely misses you. The orc closely misses you.
You hit the orc wizard but do no damage.
The orc wizard is almost dead.
The frilled lizard bites you but does no damage.
The orc wizard hits you but does no damage.
The orc hits you with an enchanted hand axe!
Your shroud falls apart!
Unknown command.
You hit the orc wizard.
You kill the orc wizard!
The orc closely misses you. The frilled lizard closely misses you.
The orc hits you with an enchanted hand axe.
The ogre hits you with a giant spiked club!!
Ouch! That really hurt!
You die...

#...# ##### ##...#
##...#####...#
##............#
#...####.....## #..##
####..#
#..########..##
#<.........>O.###
##........@oo...#####
##########Ol........
##.)?......
##........ .........
......... ∆
...$...... .........#
..........#


You could see 2 ogres, 2 orcs and a frilled lizard.

Vanquished Creatures
  Grinder (D:3)
  A howler monkey (D:3)
  2 orc wizards
  2 worker ants
  5 adders
  A worm (D:3)
  A dart slug (D:1)
  2 leopard geckos
  4 orcs (D:3)
  3 ball pythons
  5 giant cockroaches
  12 goblins
  4 hobgoblins
  7 jackals
  8 bats
  2 frilled lizards
  7 kobolds
  8 rats
75 creatures vanquished.

Notes
Turn   | Place    | Note
-------+----------+-------------------------------------------
     0 | D:1      | Ablot the Gnoll Skald began the quest for the Orb.
     0 | D:1      | Reached XP level 1. HP: 20/20 MP: 6/6
   126 | D:1      | Reached XP level 2. HP: 26/26 MP: 7/7
   709 | D:2      | Learned a level 2 spell: Song of Slaying
   712 | D:2      | Learned a level 2 spell: Shroud of Golubria
   727 | D:2      | Reached skill level 5 in Spellcasting
   727 | D:2      | Reached XP level 3. HP: 30/31 MP: 5/9
   729 | D:2      | Reached skill level 1 in Invocations
   839 | D:2      | Reached skill level 1 in Short Blades
   839 | D:2      | Reached skill level 1 in Long Blades
   839 | D:2      | Reached skill level 1 in Axes
   839 | D:2      | Reached skill level 1 in Maces & Flails
   839 | D:2      | Reached skill level 1 in Staves
   839 | D:2      | Reached skill level 1 in Slings
   839 | D:2      | Reached skill level 1 in Bows
   839 | D:2      | Reached skill level 1 in Crossbows
   839 | D:2      | Reached skill level 1 in Throwing
   839 | D:2      | Reached skill level 1 in Stealth
   839 | D:2      | Reached skill level 1 in Shields
   839 | D:2      | Reached skill level 1 in Unarmed Combat
   839 | D:2      | Reached skill level 1 in Evocations
   981 | D:2      | Reached XP level 4. HP: 17/38 MP: 7/11
  1008 | D:2      | Learned a level 3 spell: Regeneration
  1013 | D:2      | Learned a level 3 spell: Spectral Weapon
  1058 | D:2      | Reached skill level 1 in Conjurations
  1058 | D:2      | Reached skill level 1 in Hexes
  1058 | D:2      | Reached skill level 1 in Summonings
  1058 | D:2      | Reached skill level 1 in Necromancy
  1058 | D:2      | Reached skill level 1 in Translocations
  1058 | D:2      | Reached skill level 1 in Transmutations
  1058 | D:2      | Reached skill level 1 in Fire Magic
  1058 | D:2      | Reached skill level 1 in Ice Magic
  1058 | D:2      | Reached skill level 1 in Air Magic
  1058 | D:2      | Reached skill level 1 in Earth Magic
  1058 | D:2      | Reached skill level 1 in Poison Magic
  1610 | D:3      | Reached XP level 5. HP: 41/43 MP: 12/12
  1654 | D:3      | Noticed Grinder
  1668 | D:3      | Killed Grinder
  1668 | D:3      | Reached skill level 5 in Fighting
  1668 | D:3      | Reached skill level 5 in Polearms
  1668 | D:3      | Reached skill level 5 in Dodging
  1668 | D:3      | Reached XP level 6. HP: 41/51 MP: 9/14
  2355 | D:4      | Reached XP level 7. HP: 49/56 MP: 15/15
  2388 | D:4      | Slain by an ogre

Vault maps used:
D:1:      lightli_molten_gateway, kennysheep_boxes
D:2:      minmay_door_path
D:3:      minmay_close_crescents, uniq_grinder
D:4:      first_ration, serial_shops, nicolae_shop_crystal,
          hangedman_abyss_or_decor_stabs

Skill      XL: |  1  2  3  4  5 |
---------------+----------------+-----
Spellcasting   | 5 |  5.5
Invocations    | 1 2 |  2.4
Short Blades   | 1 2 |  2.2
Long Blades    | 1 2 |  2.2
Axes           | 1 2 |  2.2
Maces & Flails | 1 2 |  2.2
Staves         | 1 2 |  2.2
Slings         | 1 2 |  2.2
Bows           | 1 2 |  2.2
Crossbows      | 1 2 |  2.2
Throwing       | 1 2 |  2.2
Stealth        | 1 2 |  2.2
Shields        | 1 2 |  2.2
Unarmed Combat | 1 2 |  2.2
Evocations     | 1 2 |  2.2
Conjurations   | 1 |  1.8
Hexes          | 1 |  1.8
Summonings     | 1 |  1.8
Necromancy     | 1 |  1.8
Translocations | 1 |  1.8
Transmutations | 1 |  1.8
Fire Magic     | 1 |  1.8
Ice Magic      | 1 |  1.8
Air Magic      | 1 |  1.8
Earth Magic    | 1 |  1.8
Poison Magic   | 1 |  1.8
Fighting       | 5 |  5.1
Polearms       | 5 |  5.1
Armour         | 3 |  3.4
Dodging        | 5 |  5.1
Charms         | |  5.7

Action                   |  1- 3 |  4- 6 |  7- 9 || total
-------------------------+-------+-------+-------++-------
Melee: Spear             |    89 |   155 |    12 ||   256
       Bite              |     8 |    20 |     1 ||    29
       Punch             |       |     2 |       ||     2
 Cast: Shroud of Golubri |     3 |     3 |     1 ||     7
       Regeneration      |       |     3 |       ||     3
       Song of Slaying   |       |     3 |       ||     3
       Spectral Weapon   |       |     2 |       ||     2
 Stab: Sleeping          |     3 |     9 |       ||    12
       Distracted        |       |     1 |       ||     1
  Eat: Chunk             |       |     5 |     1 ||     6
Armor: Leather armour    |    17 |    31 |     9 ||    57
Dodge: Dodged            |    50 |    86 |    12 ||   148

Table legend:
 A = Spawn XP
 B = Non-spawn XP
 C = Spawn XP percentage of total XP
 D = Spawn monster count
 E = Non-spawn monster count
 F = Spawn count percentage of total count
 G = Total turns spent on level
                    A         B        C        D         E        F      G
               +---------+---------+-------+---------+---------+-------+---------
         Total |       0 |     671 |   0.0 |       0 |      75 |   0.0 |  2388
               +---------+---------+-------+---------+---------+-------+---------
           D:1 |       0 |      25 |   0.0 |       0 |      16 |   0.0 |   705
           D:2 |       0 |     116 |   0.0 |       0 |      22 |   0.0 |   738
           D:3 |       0 |     462 |   0.0 |       0 |      35 |   0.0 |   900
           D:4 |       0 |      68 |   0.0 |       0 |       2 |   0.0 |    45
               +---------+---------+-------+---------+---------+-------+---------
